AoeStats
← 2684480386

Arena

510579460Analyzed
1v1 RM · 2d ago on Oct 1, 2026· 23m 53s· 2 players
Game mode
Random Map
Map size
Tiny (2 player)
Population
200
Speed
Normal
Resources
Standard
Victory
Conquest
Starting age
Dark Age
Ending age
Imperial Age
RankedLock teamsTeams togetherTeam positionsShared explorationLock speedFull tech treeHidden civsTurbo modeCheats
Victory
Defeat
🇪🇸 Saracens · Spain
927
+17
🇨🇳 Sicilians · China
953
-43
boskito19
10:38 Feudal Age
11:13 Horse Collar
11:20 Double-Bit Axe
16:59 Castle Age
15:23 Stone Mining
18:04 Man-at-Arms
19:21 Light Cavalry
20:34 Scale Barding Armor
20:39 Forging
22:49 Iron Casting
23:04 Loom
2684480386
7:37 Loom
10:43 Feudal Age
Connection lost

Rejoining the realm…

Still unreachable

The connection could not be restored.

Session expired

The server has moved on; the page needs a fresh start.